[ AOE2 MATCH · #479322168 ]
UnrankedItalians vs Franks
[ REPLAY ANALYSIS · EXTRACTED FROM THE RECORDED GAME ]
Feudal
—
Castle
—
Imperial
—
| APM avg | 63.6 |
| APM peak | 86 |
| eAPM avg | 23.2 |
| Villagers / military | 13 / 0 |
Focus
⚔️ 53.2% · 🌾 46.8%
Feudal
—
Castle
—
Imperial
—
| APM avg | 39.3 |
| APM peak | 86 |
| eAPM avg | 11.7 |
| Villagers / military | 17 / 0 |
Focus
⚔️ 32.8% · 🌾 67.2%
Feudal
—
Castle
—
Imperial
—
| APM avg | 47.0 |
| APM peak | 89 |
| eAPM avg | 11.7 |
| Villagers / military | 12 / 0 |
Focus
⚔️ 29.8% · 🌾 70.2%
Feudal
—
Castle
—
Imperial
—
| APM avg | 44.5 |
| APM peak | 54 |
| eAPM avg | 13.3 |
| Villagers / military | 20 / 0 |
Focus
⚔️ 26.5% · 🌾 73.5%
Feudal
—
Castle
—
Imperial
—
| APM avg | 38.2 |
| APM peak | 62 |
| eAPM avg | 10.1 |
| Villagers / military | 10 / 0 |
Focus
⚔️ 53.7% · 🌾 46.3%
Feudal
—
Castle
—
Imperial
—
| APM avg | 78.2 |
| APM peak | 96 |
| eAPM avg | 18.9 |
| Villagers / military | 22 / 0 |
Focus
⚔️ 44.3% · 🌾 55.7%
Feudal
—
Castle
—
Imperial
—
| APM avg | 41.9 |
| APM peak | 52 |
| eAPM avg | 14.3 |
| Villagers / military | 15 / 0 |
Focus
⚔️ 15.8% · 🌾 84.2%
Feudal
—
Castle
—
Imperial
—
| APM avg | 54.3 |
| APM peak | 69 |
| eAPM avg | 18.2 |
| Villagers / military | 23 / 0 |
Focus
⚔️ 23.9% · 🌾 76.1%
Match map
Initial resources + every placement click. Lines = walls · curves = elevation contours. ◆ gold · ⬟ stone · ● berries · ✦ relic · ◌ wall gap
Your base
EoK_OrO_'s base
[SotC ]Risck's base
VL Ferdinand's base
小晚辞's base
[VL] Davinci's base
_____jA's base
VL Marcelsanz's base
Smoothed initial terrain · ◌ = detected wall gap · hover for details
Inputs per minute
— AM | thatsnotPG - - EoK_OrO_
Build order — AM | thatsnotPG
17 actions detected in the replay
| 0:01 | Queue | Villager (Male) ×4 |
| 0:02 | Build | House |
| 0:22 | Build | House |
| 0:23 | Build | House |
| 0:37 | Build | House |
| 1:18 | Queue | Villager (Male) |
| 1:56 | Queue | Villager (Male) |
| 2:25 | Queue | Villager (Male) |
| 2:33 | Queue | Villager (Male) |
| 2:48 | Build | Lumber Camp |
| 3:20 | Queue | Villager (Male) |
| 3:20 | Queue | Villager (Male) |
| 3:20 | Queue | Villager (Male) |
| 3:36 | Queue | Villager (Male) |
| 5:00 | Build | Mining Camp |
| 5:15 | Queue | Villager (Male) |
| 5:41 | Research | Feudal Age |
Build order — EoK_OrO_
22 actions detected in the replay
| 0:01 | Queue | Villager (Male) |
| 0:01 | Queue | Villager (Male) |
| 0:01 | Queue | Villager (Male) |
| 0:02 | Queue | Villager (Male) |
| 0:02 | Queue | Villager (Male) |
| 0:02 | Queue | Villager (Male) |
| 0:03 | Build | House |
| 0:05 | Build | House |
| 1:32 | Queue | Villager (Male) |
| 1:46 | Build | Lumber Camp |
| 2:03 | Queue | Villager (Male) |
| 2:03 | Queue | Villager (Male) |
| 2:42 | Queue | Villager (Male) |
| 2:42 | Queue | Villager (Male) |
| 3:14 | Queue | Villager (Male) |
| 3:15 | Queue | Villager (Male) |
| 3:32 | Build | House |
| 3:42 | Queue | Villager (Male) |
| 3:42 | Queue | Villager (Male) |
| 3:50 | Build | Mill |
| 4:15 | Queue | Villager (Male) |
| 4:15 | Queue | Villager (Male) |
Build order — [SotC ]Risck
20 actions detected in the replay
| 0:01 | Queue | Villager (Male) |
| 0:02 | Queue | Villager (Male) |
| 0:02 | Queue | Villager (Male) |
| 0:04 | Build | House |
| 0:05 | Build | House |
| 0:08 | Queue | Villager (Male) |
| 1:13 | Queue | Villager (Male) |
| 1:54 | Build | Lumber Camp |
| 2:01 | Queue | Villager (Male) |
| 2:02 | Queue | Villager (Male) |
| 2:43 | Queue | Villager (Male) |
| 3:01 | Queue | Villager (Male) |
| 3:28 | Build | House |
| 3:29 | Build | House |
| 3:36 | Build | House |
| 3:37 | Build | House |
| 3:39 | Build | House |
| 3:44 | Queue | Villager (Male) |
| 3:44 | Queue | Villager (Male) |
| 4:05 | Queue | Villager (Male) |
Build order — VL Ferdinand
27 actions detected in the replay
| 0:01 | Queue | Villager (Male) |
| 0:01 | Queue | Villager (Male) |
| 0:02 | Queue | Villager (Male) |
| 0:02 | Queue | Villager (Male) |
| 0:02 | Queue | Villager (Male) |
| 0:03 | Build | House |
| 0:05 | Build | House |
| 0:13 | Queue | Villager (Male) |
| 1:25 | Queue | Villager (Male) |
| 1:39 | Queue | Villager (Male) |
| 2:11 | Build | Lumber Camp |
| 2:34 | Queue | Villager (Male) |
| 2:56 | Queue | Villager (Male) |
| 3:00 | Build | House |
| 3:00 | Build | House |
| 3:29 | Queue | Villager (Male) |
| 3:30 | Queue | Villager (Male) |
| 3:30 | Queue | Villager (Male) |
| 3:42 | Build | House |
| 3:51 | Queue | Villager (Male) |
| 3:51 | Queue | Villager (Male) |
| 4:22 | Queue | Villager (Male) |
| 4:36 | Queue | Villager (Male) |
| 4:37 | Queue | Villager (Male) |
| 5:02 | Build | Mill |
| 5:22 | Queue | Villager (Male) |
| 5:23 | Queue | Villager (Male) |
Build order — 小晚辞
13 actions detected in the replay
| 0:02 | Queue | Villager (Male) |
| 0:03 | Build | House |
| 0:05 | Build | House |
| 0:06 | Queue | Villager (Male) |
| 0:16 | Queue | Villager (Male) |
| 0:18 | Queue | Villager (Male) |
| 1:13 | Queue | Villager (Male) |
| 2:00 | Queue | Villager (Male) |
| 2:00 | Queue | Villager (Male) |
| 2:10 | Build | Lumber Camp |
| 2:15 | Queue | Villager (Male) |
| 2:44 | Queue | Villager (Male) |
| 2:58 | Queue | Villager (Male) |
Build order — [VL] Davinci
28 actions detected in the replay
| 0:01 | Queue | Villager (Male) |
| 0:01 | Queue | Villager (Male) |
| 0:02 | Build | House |
| 0:03 | Build | House |
| 0:05 | Queue | Villager (Male) |
| 0:09 | Queue | Villager (Male) |
| 0:09 | Queue | Villager (Male) |
| 1:17 | Queue | Villager (Male) |
| 1:42 | Queue | Villager (Male) |
| 2:26 | Queue | Villager (Male) |
| 2:26 | Queue | Villager (Male) |
| 2:27 | Build | Lumber Camp |
| 2:38 | Queue | Villager (Male) |
| 3:14 | Queue | Villager (Male) |
| 3:15 | Queue | Villager (Male) |
| 3:28 | Queue | Villager (Male) |
| 4:00 | Build | Mill |
| 4:06 | Queue | Villager (Male) |
| 4:07 | Queue | Villager (Male) |
| 4:07 | Queue | Villager (Male) |
| 4:24 | Queue | Villager (Male) |
| 4:46 | Queue | Villager (Male) |
| 4:46 | Queue | Villager (Male) |
| 5:12 | Queue | Villager (Male) |
| 5:12 | Queue | Villager (Male) |
| 5:29 | Research | Loom |
| 5:29 | Research | Loom |
| 5:31 | Queue | Villager (Male) |
Build order — _____jA
19 actions detected in the replay
| 0:03 | Build | House |
| 0:04 | Queue | Villager (Male) |
| 0:05 | Queue | Villager (Male) |
| 0:05 | Queue | Villager (Male) |
| 0:11 | Build | House |
| 0:26 | Queue | Villager (Male) |
| 1:30 | Queue | Villager (Male) |
| 1:30 | Queue | Villager (Male) |
| 1:55 | Build | Lumber Camp |
| 1:55 | Queue | Villager (Male) |
| 2:27 | Queue | Villager (Male) |
| 2:55 | Queue | Villager (Male) |
| 2:56 | Queue | Villager (Male) |
| 3:08 | Build | House |
| 4:06 | Queue | Villager (Male) |
| 4:06 | Queue | Villager (Male) |
| 4:58 | Queue | Villager (Male) |
| 5:28 | Queue | Villager (Male) |
| 5:33 | Queue | Villager (Male) |
Build order — VL Marcelsanz
32 actions detected in the replay
| 0:00 | Queue | Villager (Male) |
| 0:01 | Queue | Villager (Male) |
| 0:02 | Build | House |
| 0:03 | Build | House |
| 0:04 | Queue | Villager (Male) |
| 0:18 | Build | Mill |
| 0:23 | Build | Mill |
| 0:25 | Queue | Villager (Male) |
| 0:25 | Queue | Villager (Male) |
| 1:36 | Queue | Villager (Male) |
| 1:36 | Queue | Villager (Male) |
| 1:56 | Queue | Villager (Male) |
| 1:56 | Queue | Villager (Male) |
| 2:12 | Queue | Villager (Male) |
| 2:12 | Queue | Villager (Male) |
| 2:52 | Queue | Villager (Male) |
| 2:52 | Queue | Villager (Male) |
| 2:52 | Queue | Villager (Male) |
| 3:33 | Queue | Villager (Male) |
| 3:33 | Queue | Villager (Male) |
| 3:33 | Queue | Villager (Male) |
| 3:46 | Build | House |
| 3:48 | Build | House |
| 3:49 | Build | House |
| 3:56 | Build | House |
| 4:15 | Queue | Villager (Male) |
| 4:34 | Build | Lumber Camp |
| 4:50 | Queue | Villager (Male) |
| 4:50 | Queue | Villager (Male) |
| 4:50 | Queue | Villager (Male) |
| 4:51 | Queue | Villager (Male) |
| 4:51 | Queue | Villager (Male) |
Match timeline
| 4:10 | 小晚辞 · resign |
[ AI ANALYSIS · 1 CREDIT ]
What really happened in this match?
Wolo.gg analyzes every decision: build order, eco, micro, common mistakes by bracket. Personalized analysis on WhatsApp or Discord in 30 seconds.
Civ guide
Italians
Perfil
Jugador #21979578